 Dungeon Crawl Stone Soup version 0.24-a0-228-g05560da (webtiles) character file.

Game seed: 8160429094241297566

4486 wirefist the Fighter (level 10, -2/85 HPs)
             Began as a Formicid Fighter on Apr 2, 2019.
             Was a Priest of Okawaru.
             Slain by a two-headed ogre
             ... wielding a +0 giant spiked club
              (13 damage)
             ... on level 8 of the Dungeon.
             The game lasted 00:21:41 (10087 turns).

wirefist the Fighter (Formicid Fighter)            Turns: 10087, Time: 00:21:42

Health: -2/85      AC:  8    Str: 23      XL:     10   Next: 64%
Magic:  10/10      EV:  9    Int:  9      God:    Okawaru [***...]
Gold:   346        SH: 11    Dex:  9 (10) Spells: 9/9 levels left

rFire    . . .     SeeInvis +   u - +0 war axe
rCold    . . .     Gourm    .   c - +1 shield
rNeg     . . .     Faith    .   b - +0 scale mail
rPois    .         Spirit   .   (helmet unavailable)
rElec    .         Reflect  .   (no cloak)
rCorr    .         Harm     .   (no gloves)
MR       +....                  (no boots)
Stlth    ..........             (no amulet)
HPRegen  0.24/turn              n - ring of flight
MPRegen  0.12/turn              o - +1 ring of protection

@: drained
A: permanent stasis, dig shafts and tunnels, four strong arms, antennae 3
a: Dig, Shaft Self, Heroism, Renounce Religion, Evoke Flight


You were on level 8 of the Dungeon.
You worshipped Okawaru.
Okawaru was most pleased with you.
You were not hungry.

You visited 2 branches of the dungeon, and saw 9 of its levels.
You also visited: Ossuary.

You collected 346 gold pieces.

Inventory:

Hand Weapons
 a - a +0 war axe
 u - a +0 war axe (weapon)
Missiles
 x - a throwing net (quivered)
Armour
 b - a +0 scale mail (worn)
 c - a +1 shield (worn)
Jewellery
 n - a ring of flight (left hand)
 o - a +1 ring of protection (right hand)
Wands
 y - a wand of polymorph (7)
 C - a wand of disintegration (18)
Scrolls
 k - 4 scrolls of remove curse
 l - 10 scrolls of teleportation
 m - a scroll of magic mapping
 s - a scroll of enchant armour
 t - a scroll of enchant weapon {unknown}
 v - a scroll of amnesia {unknown}
 w - 4 scrolls of identify {unknown}
 A - a scroll of immolation {unknown}
 B - a scroll of fog {unknown}
 D - a scroll of torment {unknown}
 F - a scroll of noise {unknown}
Potions
 d - a potion of might
 e - 2 potions of brilliance {unknown}
 g - 2 potions of mutation {unknown}
 h - 2 potions of haste {unknown}
 i - 2 potions of agility {unknown}
 j - 5 potions of curing
 p - 2 potions of lignification {unknown}
 q - 2 potions of heal wounds {unknown}
 r - 3 potions of degeneration {unknown}
 z - 4 potions of ambrosia {unknown}
Comestibles
 f - 9 rations


   Skills:
 * Level 10.0(8.8) Fighting
 * Level 8.9(7.8) Axes
 + Level 7.3(6.2) Armour
 + Level 8.1(7.0) Shields


You had 9 spell levels left.
You didn't know any spells.
Your spell library was empty.

Dungeon Overview and Level Annotations

Branches:
Dungeon (8/15)             Temple (1/1) D:5
   Lair: D:8-11

Altars:
Ashenzari
Cheibriados
Dithmenos
Elyvilon
Fedhas
Gozag
Hepliaklqana
Kikubaaqudgha
Makhleb
Okawaru
Qazlal
Ru
Sif Muna
Trog
Uskayaw
Vehumet
Wu Jian
Xom
Yredelemnul
Zin
The Shining One


Innate Abilities, Weirdness & Mutations

You cannot be hasted, slowed, berserked, paralysed or teleported.
You can dig through walls and to a lower floor.
Your four strong arms can wield two-handed weapons with a shield.
You have a pair of large antennae on your head. (SInv)


Message History

The two-headed ogre is moderately wounded.
You closely miss the two-headed ogre.
The two-headed ogre is moderately wounded.
The two-headed ogre hits you with a +0 giant spiked club!
You block the two-headed ogre's attack.
You barely miss the two-headed ogre.
The two-headed ogre is moderately wounded.
The two-headed ogre hits you with a +0 giant spiked club!!
* * * LOW HITPOINT WARNING * * *
You block the two-headed ogre's attack.
You barely miss the two-headed ogre.
The two-headed ogre is moderately wounded.
You block the two-headed ogre's attack. x2
You hit the two-headed ogre but do no damage.
The two-headed ogre is moderately wounded.
You block the two-headed ogre's attack. x2
You slash the two-headed ogre!
The two-headed ogre is severely wounded.
The two-headed ogre hits you with a +0 giant spiked club!
You die...

## ## #### #.
.##(..## #.# ....#..
#..#...#.# #..O#...#
#.@..# #..)### ###
#..#.).# #.#
#.#.#..#########.###
#..#.(..)).........#
##.....#########.#..
#.....# #.###
####### #.# #.#


You could see a two-headed ogre.

Vanquished Creatures
  Grinder (D:3)
  A hippogriff (D:7)
  Sigmund (D:3)
  2 wraiths (Ossuary)
  2 black bears (D:7)
  3 ice beasts (D:5)
  2 phantoms (D:5)
  5 ogres
  2 orc warriors
  3 centaurs
  An elf zombie (D:7)
  A bullfrog (D:6)
  2 elf skeletons (D:7)
  A scorpion (D:5)
  A howler monkey (D:5)
  6 wights
  5 crimson imps
  6 hounds
  2 quasits
  2 jellies
  A centaur skeleton (D:6)
  A bullfrog skeleton (D:7)
  6 orc wizards
  5 orc priests
  Jessica (D:3)
  3 human skeletons (D:7)
  6 iguanas
  5 worker ants
  A killer bee zombie (D:7)
  A hound zombie (D:6)
  3 hound skeletons
  A worker ant zombie (D:3)
  6 gnolls
  11 adders
  4 shadow imps
  An ooze (D:4)
  An adder zombie (D:7)
  7 worms
  A dart slug (D:2)
  6 leopard geckos
  25 orcs
  4 bats
  3 giant cockroaches
  10 goblins
  3 hobgoblins
  2 jackals (D:2)
  5 quokkas
  2 ball pythons
  7 frilled lizards
  2 hobgoblin skeletons (Ossuary)
  A kobold (D:2)
  A kobold zombie (Ossuary)
  A leopard gecko zombie (D:5)
  An orc skeleton (Ossuary)
  3 orc zombies (Ossuary)
  3 rats
193 creatures vanquished.

Notes
Turn   | Place    | Note
-------+----------+-------------------------------------------
     0 | D:1      | wirefist the Formicid Fighter began the quest for the Orb.
     0 | D:1      | Reached XP level 1. HP: 18/18 MP: 1/1
   366 | D:1      | Reached XP level 2. HP: 24/24 MP: 2/2
  1241 | D:2      | HP: 1/25 [poisoned by an adder]
  1557 | D:2      | Reached XP level 3. HP: 28/30 MP: 3/3
  1853 | D:2      | Found a radiant altar of Vehumet.
  1982 | D:3      | Noticed Sigmund
  2004 | D:2      | Reached skill level 4 in Fighting
  2004 | D:2      | Reached XP level 4. HP: 28/37 MP: 4/4
  2234 | D:2      | Reached XP level 5. HP: 29/42 MP: 5/5
  3051 | D:3      | Reached XP level 6. HP: 42/49 MP: 6/6
  3336 | D:3      | Noticed Grinder
  3344 | D:3      | Killed Grinder
  3344 | D:3      | Reached skill level 5 in Fighting
  3344 | D:3      | Reached XP level 7. HP: 39/56 MP: 7/7
  3461 | D:3      | Killed Sigmund
  3461 | D:3      | Reached skill level 5 in Shields
  3623 | D:3      | Noticed Jessica
  3656 | D:3      | Killed Jessica
  4153 | D:3      | Found a hazy altar of Hepliaklqana.
  4340 | D:4      | Reached skill level 6 in Fighting
  4340 | D:4      | Reached skill level 5 in Axes
  4361 | D:4      | Reached XP level 8. HP: 31/64 MP: 8/8
  4703 | D:4      | Found a deep blue altar of Sif Muna.
  5128 | D:4      | Found a white marble altar of Elyvilon.
  5202 | D:4      | Reached skill level 5 in Armour
  5239 | D:5      | Entered Level 5 of the Dungeon
  5548 | D:5      | Found a staircase to the Ecumenical Temple.
  5553 | Temple   | Entered the Ecumenical Temple
  5913 | D:5      | Found an iron altar of Okawaru.
  5938 | D:5      | Became a worshipper of Warmaster Okawaru
  5965 | D:5      | Reached skill level 7 in Fighting
  6072 | D:5      | Reached * piety under Okawaru
  6072 | D:5      | Reached XP level 9. HP: 24/72 MP: 9/9
  6483 | D:5      | Reached skill level 8 in Fighting
  7467 | D:6      | Reached ** piety under Okawaru
  7791 | D:6      | Found a blossoming altar of Fedhas.
  7975 | D:7      | Found a bloodstained altar of Trog.
  8113 | D:7      | Found a stormy altar of Qazlal.
  8133 | D:7      | Reached XP level 10. HP: 61/82 MP: 10/10
  8163 | D:7      | Reached skill level 9 in Fighting
  8173 | D:7      | Found a sand-covered staircase.
  8195 | Ossuary  | Entered an ossuary
  9050 | D:7      | Reached *** piety under Okawaru
  9360 | D:7      | Found an opulent altar of Gozag.
  9406 | D:7      | Found a snail-covered altar of Cheibriados.
 10070 | D:8      | Reached skill level 10 in Fighting
 10079 | D:8      | Noticed a two-headed ogre
 10087 | D:8      | Slain by a two-headed ogre

Levels and vault maps discovered:
D:1:      shiori_arrival_elements, layout_loops_ring
D:2:      layout_loops_ring, vehumet_crystals, nrook_campfire, feat_on_display
D:3:      layout_loops_ring, marbit_many_paths, roderic_lattice_a,
          minmay_checkerbox, uniq_sigmund, uniq_grinder, uniq_jessica
D:4:      layout_loops_ring, lemuel_doored_altar, first_ration, led_sif_pool
D:5:      layout_basic, old_standard_altar, nicolae_overflow_hidden_temple,
          temple_doors_e, kennysheep_generic_room_14
D:6:      layout_loops_ring, old_standard_altar
D:7:      layout_loops_cross, nicolae_overflow_quartered_altars,
          nicolae_ossuary_entry_catacombs
D:8:      layout_loops_ring, the_bakery, hangedman_decor_slide_cut, uniq_harold
Temple:   minmay_temple_forest_path
Ossuary:  ossuary_due_cavern

Skill      XL: |  1  2  3  4  5  6  7  8  9 10 |
---------------+-------------------------------+-----
Fighting       | 4 5 6 7 8 10 | 10.0
Axes           | 3 4 5 6 7 8 |  8.9
Shields        | 4 5 6 7 8 |  8.1
Armour         | 4 5 6 7 |  7.3

Action                   |  1- 3 |  4- 6 |  7- 9 | 10-12 || total
-------------------------+-------+-------+-------+-------++-------
Melee: War axe           |   110 |    64 |   471 |   247 ||   892
Invok: Heroism           |       |       |       |     3 ||     3
  Use: Scroll            |     1 |       |       |     4 ||     5
       Potion            |       |       |     1 |       ||     1
  Eat: Chunk             |     3 |     5 |    15 |     4 ||    27
       Ration            |       |       |       |     1 ||     1
Armor: Scale mail        |    32 |    23 |   149 |    66 ||   270
Dodge: Dodged            |    31 |    22 |   168 |    54 ||   275
Block: Shield            |    54 |    48 |   238 |   122 ||   462

Table legend:
 A = Non-vault XP
 B = Vault XP
 C = Vault XP percentage of total XP
 D = Non-vault monster count
 E = Vault monster count
 F = Vault count percentage of total count
                 A         B        C        D         E       F
            +---------+---------+-------+---------+---------+-------
      Total |    4837 |    1572 |  24.5 |     166 |      27 |  14.0
            +---------+---------+-------+---------+---------+-------
        D:1 |      10 |       0 |   0.0 |       7 |       0 |   0.0
        D:2 |     177 |       0 |   0.0 |      23 |       0 |   0.0
        D:3 |      77 |     586 |  88.4 |      20 |       8 |  28.6
        D:4 |     381 |       0 |   0.0 |      20 |       0 |   0.0
        D:5 |    1441 |       1 |   0.1 |      21 |       1 |   4.5
        D:6 |     894 |       0 |   0.0 |      31 |       0 |   0.0
        D:7 |    1213 |     376 |  23.7 |      27 |       6 |  18.2
        D:8 |     644 |       0 |   0.0 |      17 |       0 |   0.0
    Ossuary |       0 |     609 | 100.0 |       0 |      12 | 100.0
            +---------+---------+-------+---------+---------+-------
